 Dungeon Crawl Stone Soup version 0.29-a0-371-g91724d5b39 (webtiles) character file.

Game seed: 13083394770727839373

1680 zishaf the Cutter (level 9, 0/49 HPs)
             Began as a Vine Stalker Brigand on May 2, 2022.
             Killed from afar by an electric eel (5 damage)
             ... with a bolt of electricity
             ... on level 6 of the Dungeon.
             The game lasted 00:11:01 (4253 turns).

zishaf the Cutter (Vine Stalker Brigand)            Turns: 4253, Time: 00:11:03

Health: 0/49       AC: 16    Str: 15    XL:     9   Next: 2%
Magic:  0/10       EV: 10    Int: 11    God:
Gold:   278        SH:  0    Dex: 19    Spells: 8/8 levels left

rFire   + . .      SeeInvis .   a - +2 dagger
rCold   . . .      Faith    .   (no shield)
rNeg    . . .      Spirit   +   r - +2 chain mail {rF+}
rPois   .          Reflect  .   (no helmet)
rElec   .          Harm     .   c - +0 cloak
rCorr   .          Rampage  .   (no gloves)
Will    +....                   v - +0 pair of boots
Stlth   ..........              (no amulet)
HPRegen 0.96/turn               o - +4 ring of evasion
MPRegen 0.12/turn               A - +4 ring of protection

@: no status effects
A: fangs 3, regeneration 1, magic shield, antimagic bite, no potion heal 2
a: no special abilities


You were on level 6 of the Dungeon.
You visited 2 branches of the dungeon, and saw 7 of its levels.

You collected 278 gold pieces.

Inventory:

Hand Weapons
 a - a +2 dagger (weapon)
Missiles
 d - 8 poisoned darts (quivered)
 e - 3 curare-tipped darts
 h - 3 boomerangs of dispersal
Armour
 b - a +0 robe
 c - a +0 cloak (worn)
 r - a +2 chain mail of fire resistance (worn)
 v - a +0 pair of boots (worn)
Jewellery
 o - a +4 ring of evasion (left hand)
 A - a +4 ring of protection (right hand)
 F - a +6 ring of dexterity
Wands
 i - a wand of polymorph (10)
 z - a wand of charming (5)
Scrolls
 g - 2 scrolls of teleportation
 l - a scroll of amnesia {unknown}
 m - a scroll of acquirement {unknown}
 q - a scroll of immolation
 t - a scroll of identify
 w - a scroll of fog
 y - a scroll of blinking {unknown}
Potions
 f - a potion of lignification
 j - 2 potions of haste
 k - 2 potions of flight
 n - 2 potions of curing
 p - 2 potions of brilliance
 s - a potion of resistance
 u - a potion of invisibility
 x - 2 potions of might
 E - a potion of mutation {unknown}
 G - a potion of attraction {unknown}
 H - a potion of cancellation {unknown}


   Skills:
 + Level 6.9 Fighting
 + Level 7.0 Short Blades
 - Level 3.0 Throwing
 - Level 0.7 Dodging
 - Level 6.0 Stealth


You had 8 spell levels left.
You didn't know any spells.
Your spell library contained the following spells:

 Spells                   Type           Power      Damage    Failure   Level
 Apportation              Tloc           0%         N/A       100%        1
 Beastly Appendage        Tmut           0%         N/A       100%        1
 Sandblast                Erth           0%         2d4       100%        1
 Shock                    Conj/Air       0%         1d3       100%        1
 Sting                    Tmut/Pois      0%         1d3       100%        1
 Passwall                 Tmut/Erth      0%         N/A       100%        2
 Poisonous Vapours        Pois/Air       0%         N/A       100%        2
 Static Discharge         Conj/Air       0%         N/A       100%        2
 Stone Arrow              Conj/Erth      0%         3d7       100%        3
 Dispel Undead            Necr           0%         3d6       100%        4
 Olgreb's Toxic Radiance  Pois           0%         N/A       100%        4
 Sticky Flame             Conj/Fire      0%         2d3       100%        4


Dungeon Overview and Level Annotations

Branches:
Dungeon (6/15)             Temple (1/1) D:6

Altars:
Ashenzari
Cheibriados
Dithmenos
Elyvilon
Fedhas
Gozag
Hepliaklqana
Kikubaaqudgha
Makhleb
Okawaru
Qazlal
Ru
Sif Muna
Trog
Vehumet
Wu Jian
Xom
Yredelemnul
Zin
The Shining One

Shops:
D:4 =

Annotations:
D:1 dig vault


Innate Abilities, Weirdness & Mutations

You have razor-sharp teeth.
Your natural rate of healing is unusually fast.
When hurt, damage is shared between your health and your magic reserves.
Your bite disrupts and absorbs the magic of your enemies.
Potions cannot restore your health.


Message History

Found a stone staircase leading down.
An electric eel comes into view.
No reachable target in view!
The electric eel shoots out a bolt of lightning at you!
The bolt of electricity hits the plant!
The plant begins to die.
The bolt of electricity hits the plant!
The plant begins to die.
The bolt of electricity hits you!
The electric eel shoots out a bolt of lightning at you!
The bolt of electricity hits the plant!
The plant begins to die.
The bolt of electricity hits you! The bolt of electricity hits you.
The bolt of electricity hits the plant!
The plant begins to die.
A nearby plant withers and dies.
A nearby plant withers and dies.
The electric eel shoots out a bolt of lightning at you!
The bolt of electricity misses you.
The electric eel shoots out a bolt of lightning at you!
The bolt of electricity hits you!
The electric eel shoots out a bolt of lightning at you!
The bolt of electricity hits you. The bolt of electricity hits you!
The bolt of electricity hits the electric eel.
The electric eel completely resists.
You are too injured to fight recklessly!
You are too injured to fight recklessly!
You are too injured to fight recklessly!
You hit the electric eel.
The electric eel is lightly wounded.
The electric eel shoots out a bolt of lightning at you!
The bolt of electricity misses you. The bolt of electricity hits you!
* * * LOW HITPOINT WARNING * * *
The bolt of electricity hits the electric eel.
The electric eel completely resists.
You barely miss the electric eel.
The electric eel is lightly wounded.
You hit the electric eel. Your bite misses the electric eel.
The electric eel is heavily wounded.
The electric eel shoots out a bolt of lightning at you!
The bolt of electricity hits you!
* * * LOW HITPOINT WARNING * * *
The bolt of electricity hits you.
You die...

*#...##** *#..PP≈≈≈**
*...≈P≈P≈≈** *.PPP≈≈≈≈≈,**
##.PP≈≈≈≈≈≈,,* #..PP♣≈♣≈≈,,,**
####### ##..≈≈≈♣*≈≈≈≈,,*
######.....#####...≈≈≈♣P**≈≈≈,***
..>.....##......@≈.≈≈≈PPP≈*≈≈,,,,
...)....####.####SP≈♣PP≈≈≈≈*,≈,,*
........# #.####≈≈≈≈..P.≈≈≈≈≈***
........# #.....P≈♣..###≈≈≈≈≈,,,
###...### ##.###PP≈P## **≈≈*≈≈,,
###.## #....≈♣≈$# *≈≈≈≈≈,, #..#
##.#.P≈≈.## *≈≈≈≈≈≈, ##.##
#.##P≈≈P.# **≈≈≈≈≈, #..#
####..#.≈P#.# **≈P≈≈*


You could see an electric eel.

Vanquished Creatures
  Sigmund (D:2)
  A fire bat (D:6)
  Edmund (D:6)
  Duvessa (D:5)
  An orc warrior (D:6)
  A black bear (D:5)
  An ogre (D:5)
  A phantom (D:4)
  Dowan (D:5)
  2 electric eels (D:6)
  A howler monkey (D:5)
  4 orc priests
  A gnoll shaman (D:6)
  A jelly (D:6)
  A hound (D:5)
  2 iguanas
  Natasha (D:2)
  5 orc wizards
  8 gnolls
  9 adders
  A shadow imp (D:4)
  22 orcs
  5 ball pythons
  6 bats
  6 goblins
  5 hobgoblins
  2 quokkas
  3 frilled lizards
  6 kobolds
  20 rats
120 creatures vanquished.

Vanquished Creatures (others)
  21 plants (D:6)
21 creatures vanquished.

Grand Total: 141 creatures vanquished

Notes
Turn   | Place    | Note
-------+----------+-------------------------------------------
     0 | D:1      | zishaf the Vine Stalker Brigand began the quest for the
                  | Orb.
     0 | D:1      | Reached XP level 1. HP: 11/11 MP: 2/2
    33 | D:1      | You fall into a shaft and drop 1 floor!
    38 | D:2      | Reached skill level 2 in Short Blades
    38 | D:2      | Reached skill level 5 in Stealth
    38 | D:2      | Reached XP level 2. HP: 15/15 MP: 3/3
   117 | D:2      | Noticed Sigmund
   122 | D:2      | Killed Sigmund
   123 | D:2      | Reached XP level 3. HP: 19/19 MP: 4/4
   123 | D:2      | Gained mutation: Your natural rate of healing is unusually
                  | fast. [Vine Stalker growth]
   123 | D:2      | Reached XP level 4. HP: 23/23 MP: 5/5
   123 | D:2      | Reached XP level 5. HP: 28/28 MP: 6/6
   796 | D:2      | Noticed Terence
   796 | D:2      | Noticed Natasha
   809 | D:2      | Noticed Terence
   809 | D:2      | Terence changed into Terence the goblin
   820 | D:2      | Killed Terence the goblin
   828 | D:2      | Killed Natasha
   829 | D:2      | Reached skill level 3 in Short Blades
   996 | D:3      | Reached XP level 6. HP: 30/32 MP: 5/7
  2303 | D:4      | Reached skill level 4 in Short Blades
  2500 | D:4      | Reached XP level 7. HP: 37/37 MP: 6/8
  2553 | D:4      | Found Xiatt's Jewellery Emporium.
  2929 | D:5      | Entered Level 5 of the Dungeon
  2996 | D:5      | Noticed Duvessa
  2997 | D:5      | Noticed Dowan
  3059 | D:5      | Killed Duvessa
  3060 | D:5      | Reached skill level 5 in Fighting
  3060 | D:5      | Reached skill level 5 in Short Blades
  3075 | D:5      | Killed Dowan
  3076 | D:5      | Gained mutation: You have razor-sharp teeth. [Vine Stalker
                  | growth]
  3076 | D:5      | Reached XP level 8. HP: 24/43 MP: 4/9
  3153 | D:5      | Got First Steps in Casting
  3216 | D:5      | Found a shimmering altar of Xom.
  3277 | D:5      | Found a basalt altar of Yredelemnul.
  3611 | D:6      | Noticed Edmund
  3616 | D:6      | Killed Edmund
  3617 | D:6      | Reached skill level 6 in Short Blades
  3663 | D:6      | Found a staircase to the Ecumenical Temple.
  3670 | Temple   | Entered the Ecumenical Temple
  3870 | D:6      | Noticed a wyvern
  3874 | D:6      | a wyvern changed into a fire bat
  3882 | D:6      | HP: 1/45 [fire bat (4)]
  4084 | D:6      | Reached skill level 7 in Short Blades
  4084 | D:6      | Reached XP level 9. HP: 49/49 MP: 10/10
  4253 | D:6      | Killed from afar by an electric eel

Illustrated notes

Levels and vault maps discovered:
D:1:      lightli_arrival_quake, layout_rooms, due_unseen_surprise
D:2:      layout_rooms, chequers_arboretum, uniq_terence, uniq_natasha,
          uniq_sigmund
D:3:      layout_basic, minmay_rat_hole
D:4:      layout_basic, serial_shops, nicolae_shop_advertising_works
          [nicolae_subvault_shop_adworks], dk_noncrumbling_4
D:5:      layout_rooms, yredelemnul_altar_generic, lemuel_crystal_altar,
          uniq_duvessa
D:6:      layout_rooms, minmay_temple_entry_overgrown, serial_bayou,
          serial_bayou_lagoon_b, serial_bayou_lagoon_a, serial_bayou_pond_b,
          serial_bayou_shore_b, serial_bayou_pond_d, uniq_edmund
Temple:   nicolae_temple_no_exploring_needed

Skill      XL: |  1  2  3  4  5  6  7  8 |
---------------+-------------------------+-----
Fighting       | 2 3 4 5 6 |  6.9
Short Blades   | 2 3 4 5 7 |  7.0
Throwing       | 2 3 |  3.0
Stealth        | 5 6 |  6.0
Dodging        | |  0.7

Action                   |  1- 3 |  4- 6 |  7- 9 || total
-------------------------+-------+-------+-------++-------
Melee: Dagger            |    12 |   238 |   294 ||   544
       Bite              |     3 |    72 |   100 ||   175
       Punch             |       |     5 |     9 ||    14
Throw: Dart              |       |       |     1 ||     1
Evoke: Wand              |       |     1 |     2 ||     3
  Use: Potion            |       |       |     1 ||     1
       Scroll            |       |       |    18 ||    18
 Stab: Sleeping          |     3 |    12 |     4 ||    19
Armor: Robe              |       |    35 |    71 ||   106
       Skin              |       |       |    25 ||    25
       Chain mail        |       |       |     3 ||     3
Dodge: Dodged            |     3 |   130 |   148 ||   281

Table legend: (Time is in decaauts)
 A = Elapsed time spent in this place.
 B = Non-inter-level travel time spent in this place.
 C = Inter-level travel time spent in this place.
 D = Time resting spent in this place.
 E = Time spent auto-exploring this place.
 F = Levels seen in this place.
 G = Mean time per level.
                   A        B        C        D        E       F      G
               +--------+--------+--------+--------+--------+-----+--------+
         Total |   4144 |   3966 |    178 |    132 |   2716 |   7 |  592.0 |
       Dungeon |   4139 |   3961 |    178 |    132 |   2716 |   6 |  689.8 |
        Temple |      4 |      4 |      0 |      0 |      0 |   1 |    4.0 |
               +--------+--------+--------+--------+--------+-----+--------+

Top non-repeatable levels by time:
     D:3: 1044 daAuts
     D:4: 939 daAuts
     D:5: 666 daAuts
     D:6: 598 daAuts
     D:2: 494 daAuts
     D:1: 396 daAuts
  Temple: 4 daAuts
